[Event "3rd Mersin Open 2018"]
[Site "Mersin"]
[Date "2018.09.09"]
[Round "1.8"]
[White "Bagaturov, Giorgi"]
[Black "Buker, Muhittin"]
[Result "1-0"]
[ECO "D37"]
[WhiteElo "2396"]
[BlackElo "1959"]
[Annotator "ChessBase"]
[PlyCount "104"]
[EventDate "2018.09.09"]
[EventType "swiss"]
[EventCountry "TUR"]
[SourceTitle "playchess.com"]
[Source "ChessBase"]
[SourceQuality "1"]
[TimeControl "5400+30"]

1. d4 Nf6 2. Nf3 d5 3. c4 e6 4. Nc3 Be7 5. Bf4 O-O 6. e3 a6 7. Rc1 Nbd7 8. c5 Nh5 9. Bd3 c6 10. Qc2 f5 11. Be5 Nxe5 12. Nxe5 Nf6 13. O-O Bd7 14. f3 Be8 15. Ne2 Nd7 16. Nf4 Nxe5 17. dxe5 Qd7 18. Ne2 Qc7 19. f4 b5 20. Nd4 Bd7 21. b4 Qc8 22. a4 Qc7 23. Ra1 Rfb8 24. Ra2 a5 25. axb5 cxb5 26. Rfa1 a4 27. c6 Bc8 28. Rb1 Qa7 29. Qe2 Rb6 30. Bxb5 a3 31. Rb3 Qb8 32. Qd3 Kf7 33. h3 g6 34. g4 Ra7 35. Kh2 Ra8 36. Rb1 Ra7 37. Kg3 Ra8 38. gxf5 exf5 39. h4 Be6 40. Kh3 Qf8 41. Nxe6 Kxe6 42. Bc4 Kf7 43. Bxd5+ Kg7 44. Rxa3 Rxa3 45. Qxa3 Qb8 46. Qc3 Bd8 47. b5 Qc7 48. Bc4 Qe7 49. Be2 Qxh4+ 50. Kg2 Qe7 51. Rd1 Kh6 52. e6 Qf8 1-0

[Event "3rd Mersin Open 2018"]
[Site "Mersin"]
[Date "2018.09.09"]
[Round "1.9"]
[White "Kizilkus, Akin"]
[Black "Koksal, Ege"]
[Result "0-1"]
[ECO "E12"]
[WhiteElo "1980"]
[BlackElo "2367"]
[Annotator "NA"]
[PlyCount "74"]
[EventDate "2018.09.09"]
[EventType "swiss"]
[EventCountry "TUR"]
[SourceTitle "playchess.com"]
[Source "ChessBase"]
[SourceQuality "1"]
[TimeControl "5400+30"]

1. d4 Nf6 2. c4 e6 3. Nf3 b6 4. a3 Bb7 5. Nc3 d5 6. cxd5 Nxd5 7. e3 g6 8. Bb5+ c6 9. Bd3 Bg7 10. O-O O-O 11. e4 Nxc3 12. bxc3 c5 13. Bg5 Qd6 14. e5 Qc7 15. Qe2 Nc6 16. Rad1 Na5 17. Be4 cxd4 18. cxd4 Rac8 19. Nd2 Nc6 20. Nf3 Ne7 21. Bxb7 Qxb7 22. Rd3 h6 23. Bd2 Rc2 24. Rc1 Rfc8 25. Rxc2 Rxc2 26. Rc3 Rxc3 27. Bxc3 Nd5 28. Bb2 Bf8 29. Qd3 b5 30. g3 a5 31. Nd2 b4 32. Qb3 Qc6 33. axb4 Bxb4 34. Nc4 a4 35. Qd3 Qa6 36. Qc2 a3 37. Ba1 Bc3 0-1

[Event "3rd Mersin Open 2018"]
[Site "Mersin"]
[Date "2018.09.09"]
[Round "1.10"]
[White "Gasimov, Parviz"]
[Black "Hajiyev, Shahin"]
[Result "1-0"]
[ECO "C88"]
[WhiteElo "2341"]
[BlackElo "1947"]
[Annotator "ChessBase"]
[PlyCount "119"]
[EventDate "2018.09.09"]
[EventType "swiss"]
[EventCountry "TUR"]
[SourceTitle "playchess.com"]
[Source "ChessBase"]
[SourceQuality "1"]
[TimeControl "5400+30"]

1. e4 e5 2. Nf3 Nc6 3. Bb5 a6 4. Ba4 Nf6 5. d3 b5 6. Bb3 Be7 7. O-O d6 8. a4 Bb7 9. Nbd2 O-O 10. Re1 Na5 11. Ba2 c5 12. c3 Re8 13. Nf1 Bf8 14. Ng3 g6 15. b4 cxb4 16. cxb4 Nc6 17. Qb3 Qd7 18. a5 Nd8 19. Be3 Ne6 20. Rad1 Rac8 21. Bb6 Bg7 22. Qb1 h6 23. d4 exd4 24. Nxd4 Nxd4 25. Bxd4 Qe7 26. e5 Nd5 27. exd6 Qxd6 28. Rxe8+ Rxe8 29. Bxg7 Kxg7 30. Bxd5 Bxd5 31. Qb2+ Qe5 32. Qxe5+ Rxe5 33. f4 Bb3 34. fxe5 Bxd1 35. Ne4 Bg4 36. Nc5 Bc8 37. Kf2 f5 38. Ke3 Kf7 39. Kd4 Ke7 40. g3 g5 41. Kd5 h5 42. e6 h4 43. gxh4 gxh4 44. Ke5 f4 45. Kxf4 Bxe6 46. Nxa6 Kd6 47. Ke4 Bd5+ 48. Kd4 Bg2 49. Nc5 h3 50. Ne4+ Kc6 51. Ke5 Bh1 52. Ng5 Bg2 53. Ne6 Bf1 54. Nd4+ Kb7 55. Kd6 Ka6 56. Kc7 Ka7 57. Nc6+ Ka6 58. Kb8 Bc4 59. Ne5 Be2 60. Nd7 1-0

[Event "3rd Mersin Open 2018"]
[Site "Mersin"]
[Date "2018.09.09"]
[Round "1.11"]
[White "Koc, Ahmet"]
[Black "Kaya, Onur"]
[Result "0-1"]
[ECO "A03"]
[WhiteElo "1363"]
[BlackElo "1689"]
[Annotator "NA"]
[PlyCount "44"]
[EventDate "2018.09.09"]
[EventType "swiss"]
[EventCountry "TUR"]
[SourceTitle "playchess.com"]
[Source "ChessBase"]
[SourceQuality "1"]
[TimeControl "5400+30"]

1. d3 d5 2. f4 Nf6 3. Nf3 e6 4. g3 Bd6 5. Bg2 Nc6 6. c3 Bd7 7. Nbd2 Qe7 8. Nb3 O-O-O 9. Be3 Ng4 10. Qd2 Nxe3 11. Qxe3 f6 12. Nfd4 Nxd4 13. Qxd4 Kb8 14. O-O-O e5 15. fxe5 Bxe5 16. Qf2 Ba4 17. d4 Bd6 18. Bxd5 Bxg3 19. Qf3 Rxd5 20. Qxd5 Bf4+ 21. Kb1 Bc6 22. Qc4 Bxh1 0-1

[Event "3rd Mersin Open 2018"]
[Site "Mersin"]
[Date "2018.09.09"]
[Round "1.13"]
[White "Caglar, Ata Arda"]
[Black "Sahin, Taha"]
[Result "0-1"]
[ECO "B40"]
[WhiteElo "1270"]
[BlackElo "1648"]
[Annotator "NA"]
[PlyCount "58"]
[EventDate "2018.09.09"]
[EventType "swiss"]
[EventCountry "TUR"]
[SourceTitle "playchess.com"]
[Source "ChessBase"]
[SourceQuality "1"]
[TimeControl "5400+30"]

1. e4 c5 2. Nf3 e6 3. Nc3 Nc6 4. b3 g6 5. Bb2 Bg7 6. Bb5 Nge7 7. Bxc6 Nxc6 8. Na4 Bxb2 9. Nxb2 O-O 10. O-O d5 11. exd5 exd5 12. Na4 c4 13. h3 Bf5 14. d3 cxd3 15. cxd3 d4 16. Nb2 b5 17. a3 Qd5 18. Rc1 Rfc8 19. Re1 Be6 20. Nd2 Bf5 21. Nf3 Be6 22. Nd2 Na5 23. b4 Rxc1 24. Qxc1 Nb3 25. Nxb3 Qxb3 26. Qa1 a5 27. Rb1 axb4 28. Nd1 Qa4 29. Rxb4 Qxb4 0-1

[Event "3rd Mersin Open 2018"]
[Site "Mersin"]
[Date "2018.09.10"]
[Round "2.11"]
[White "Kaya, Onur"]
[Black "Ozkan, Yusuf Taha"]
[Result "1-0"]
[ECO "C66"]
[WhiteElo "1689"]
[BlackElo "1276"]
[Annotator "NA RC"]
[PlyCount "79"]
[EventDate "2018.09.09"]
[EventType "swiss"]
[EventCountry "TUR"]
[SourceTitle "playchess.com"]
[Source "ChessBase"]
[SourceQuality "1"]
[TimeControl "5400+30"]

1. e4 e5 2. Nf3 Nc6 3. Bb5 d6 4. d4 exd4 5. Nxd4 Bd7 6. O-O Nf6 7. Bxc6 Bxc6 8. Nxc6 bxc6 9. Nc3 Be7 10. f4 O-O 11. Qf3 Qd7 12. f5 Rab8 13. g4 h6 14. b3 Nh7 15. Ne2 Bf6 16. Rb1 Ng5 17. Bxg5 Bxg5 18. Rbd1 Qe7 19. Nd4 Rb6 20. Rfe1 Bh4 21. Re2 c5 22. f6 Bxf6 23. Nf5 Qe6 24. Rf1 Bd4+ 25. Kh1 g5 26. h4 Bg7 27. hxg5 hxg5 28. Rh2 Re8 29. Re1 d5 30. Qh3 Qg6 31. exd5 Rxe1+ 32. Kg2 Re2+ 33. Kf1 Rxh2 34. Ne7+ Kf8 35. Nxg6+ fxg6 36. Qxh2 Rf6+ 37. Ke2 Rf7 38. d6 cxd6 39. Qxd6+ Re7+ 40. Kd3 1-0

[Event "3rd Mersin Open 2018"]
[Site "Mersin"]
[Date "2018.09.10"]
[Round "2.12"]
[White "Ekmekci, Selyil"]
[Black "Polat, Ahmet Eren"]
[Result "0-1"]
[ECO "A48"]
[WhiteElo "1594"]
[BlackElo "1669"]
[Annotator "NA RC"]
[PlyCount "85"]
[EventDate "2018.09.09"]
[EventType "swiss"]
[EventCountry "TUR"]
[SourceTitle "playchess.com"]
[Source "ChessBase"]
[SourceQuality "1"]
[TimeControl "5400+30"]

1. d4 Nf6 2. Bf4 g6 3. Nf3 Bg7 4. e3 d6 5. h3 Nbd7 6. Nbd2 b6 7. c4 Bb7 8. Qc2 e6 9. Rb1 Qe7 10. b4 e5 11. dxe5 dxe5 12. Bg3 e4 13. Nd4 Nh5 14. Ne2 Nxg3 15. Nxg3 f5 16. Ne2 c5 17. b5 Ne5 18. Nf4 Rd8 19. Rb3 Qd6 20. Rg1 O-O 21. Ra3 Ra8 22. Nb3 Rfd8 23. Nc1 Rd7 24. Be2 Bh6 25. h4 Qf6 26. g3 Bxf4 27. exf4 Nf7 28. Qc3 Qd6 29. Qc2 Nd8 30. Re3 Ne6 31. Nb3 Nd4 32. Qd1 Rad8 33. Rc3 Nf3+ 34. Bxf3 Qxd1+ 35. Bxd1 Rxd1+ 36. Ke2 Rxg1 37. Nd2 Ra1 38. a3 Ra2 39. Kf1 Rdxd2 40. Rc1 Rxf2+ 41. Kg1 Rg2+ 42. Kf1 e3 43. Ke1 0-1

[Event "3rd Mersin Open 2018"]
[Site "Mersin"]
[Date "2018.09.10"]
[Round "2.13"]
[White "Sahin, Taha"]
[Black "Kurtoglu, Fikret Alp"]
[Result "0-1"]
[ECO "B13"]
[WhiteElo "1648"]
[BlackElo "1227"]
[Annotator "NA RC"]
[PlyCount "106"]
[EventDate "2018.09.09"]
[EventType "swiss"]
[EventCountry "TUR"]
[SourceTitle "playchess.com"]
[Source "ChessBase"]
[SourceQuality "1"]
[TimeControl "5400+30"]

1. e4 c6 2. d4 d5 3. exd5 cxd5 4. Bd3 Nc6 5. c3 Nf6 6. Bf4 e6 7. Nf3 Bd6 8. Bxd6 Qxd6 9. O-O O-O 10. Re1 Re8 11. Ne5 g6 12. Nd2 Nd7 13. Ndf3 Ndxe5 14. Nxe5 f6 15. Ng4 Kg7 16. Qd2 g5 17. Qc2 h5 18. Ne3 Bd7 19. Qe2 e5 20. dxe5 Nxe5 21. Bf5 Ng4 22. Bxg4 Bxg4 23. Qb5 Qc6 24. Qxd5 Rxe3 25. Qxc6 Rxe1+ 26. Rxe1 bxc6 27. Re7+ Kg6 28. Rc7 Rb8 29. b3 a5 30. Rxc6 a4 31. b4 Rc8 32. Rxc8 Bxc8 33. a3 Kf5 34. Kf1 Ba6+ 35. Ke1 Ke4 36. Kd2 f5 37. h3 Bf1 38. f3+ Kd5 39. g4 hxg4 40. hxg4 fxg4 41. fxg4 Kc4 42. Ke3 Kxc3 43. Ke4 Kb3 44. Kf5 Kxa3 45. Kxg5 Kxb4 46. Kh6 a3 47. g5 Bd3 48. Kg7 a2 49. Kf8 a1=Q 50. Kg8 Qa7 51. Kf8 Qd7 52. g6 Bxg6 53. Kg8 Qf7+ 0-1

[Event "3rd Mersin Open 2018"]
[Site "Mersin"]
[Date "2018.09.10"]
[Round "2.14"]
[White "Soku, Mustafa Attila"]
[Black "Zuberoglu, Ibrahim Berk"]
[Result "*"]
[ECO "A91"]
[WhiteElo "1431"]
[BlackElo "1633"]
[Annotator "NA RC"]
[PlyCount "84"]
[EventDate "2018.09.09"]
[EventType "swiss"]
[EventCountry "TUR"]
[SourceTitle "playchess.com"]
[Source "ChessBase"]
[SourceQuality "1"]
[TimeControl "5400+30"]

1. d4 f5 2. c4 Nf6 3. Bg5 e6 4. Nc3 Be7 5. g3 O-O 6. Bg2 d6 7. Qd2 Nbd7 8. Nf3 h6 9. Bxh6 gxh6 10. Qxh6 Ng4 11. Qxe6+ Kg7 12. Nd5 Bg5 13. Nxg5 Qxg5 14. h4 Qd8 15. Qe7+ Qxe7 16. Nxe7 c6 17. Nxc8 Raxc8 18. O-O f4 19. Bf3 Ndf6 20. gxf4 Rh8 21. Bxg4 Nxg4 22. Kg2 Rxh4 23. Rh1 Rh6 24. Rxh6 Nxh6 25. Kf3 Nf5 26. Rd1 d5 27. c5 b6 28. cxb6 axb6 29. e3 Nd6 30. Ke2 Ra8 31. a3 Ra4 32. Rc1 Rc4 33. Rg1+ Kf6 34. Kd3 Ra4 35. Rg8 c5 36. dxc5 bxc5 37. Rb8 Kf5 38. f3 Ke6 39. Rb6 Kd7 40. Rb8 Nc8 41. Kc3 Rc4+ 42. Kd2 Kc7 *

[Event "3rd Mersin Open 2018"]
[Site "Mersin"]
[Date "2018.09.10"]
[Round "3.8"]
[White "Buyukasik, Diyap"]
[Black "Tofan, Ibrahim"]
[Result "1-0"]
[ECO "A38"]
[WhiteElo "2305"]
[BlackElo "2116"]
[Annotator "NA"]
[PlyCount "103"]
[EventDate "2018.09.09"]
[EventType "swiss"]
[EventCountry "TUR"]
[SourceTitle "playchess.com"]
[Source "ChessBase"]
[SourceQuality "1"]
[TimeControl "5400+30"]

1. Nf3 Nf6 2. g3 g6 3. Bg2 Bg7 4. O-O O-O 5. c4 c5 6. Nc3 Nc6 7. d3 d6 8. a3 Bg4 9. h3 {[%emt 0:01:30] A38: Symmetrical English vs ...g6: 4 Bg2 Bg7 5 Nf3 Nf6} (9. Rb1 d5 10. Bd2 {½-½ (10) Stevic,H (2623)-Tadic,B (2493) Neum 2011}) 9... Bxf3 10. Bxf3 Qd7 11. Bg2 e6 12. Rb1 a5 13. Bd2 $146 ({Predecessor:} 13. Be3 Rac8 14. Na2 b6 15. Nc3 Rfd8 16. Na4 Qc7 {0-1 (38) Ballina Amandi,C-Loureda Garcia,J Asturias 1992}) 13... Rfe8 14. e3 d5 15. cxd5 exd5 16. Na4 Qd6 17. Qc2 Nd7 18. Rfc1 b6 19. Qb3 Ne7 20. Nc3 Nf6 21. Rd1 Rad8 22. e4 d4 23. Nb5 Qd7 24. e5 Nfd5 25. Nd6 Bxe5 26. Nxe8 a4 27. Qa2 Rxe8 28. Re1 Qd6 29. f4 Ne3 30. fxe5 Qxe5 31. Bxe3 dxe3 32. g4 g5 33. Rf1 $18 Rf8 34. Rbe1 Ng6 35. Qd5 e2 36. Qxe5 exf1=Q+ 37. Kxf1 Nxe5 38. Rxe5 h6 39. Bc6 f5 40. gxf5 Kg7 41. Be4 Rd8 42. Re7+ Kf8 43. Rh7 Rd6 44. Ke2 Kg8 45. Ra7 b5 46. Rc7 c4 47. dxc4 bxc4 48. Rxc4 Rb6 49. Rb4 Ra6 50. Bc2 Kg7 51. Rxa4 Rc6 52. Bd3 1-0

[Event "3rd Mersin Open 2018"]
[Site "Mersin"]
[Date "2018.09.10"]
[Round "3.9"]
[White "Annaberdiyev, Babageldi"]
[Black "Olcum, Ahmet"]
[Result "*"]
[ECO "A41"]
[WhiteElo "2214"]
[BlackElo "2302"]
[Annotator "NA"]
[PlyCount "24"]
[EventDate "2018.09.09"]
[EventType "swiss"]
[EventCountry "TUR"]
[SourceTitle "playchess.com"]
[Source "ChessBase"]
[SourceQuality "1"]
[TimeControl "5400+30"]

1. d4 d6 2. g3 g6 3. Bg2 Bg7 4. Nf3 Nd7 5. O-O e5 6. dxe5 dxe5 7. e4 Ne7 8. Qe2 O-O 9. Rd1 Qe8 $14 10. b3 Nc5 11. Ba3 Ne6 12. c3 Bd7 *

[Event "3rd Mersin Open 2018"]
[Site "Mersin"]
[Date "2018.09.10"]
[Round "3.10"]
[White "Koksal, Ege"]
[Black "Buke, Furkan"]
[Result "1-0"]
[ECO "E15"]
[WhiteElo "2367"]
[BlackElo "1964"]
[Annotator "NA"]
[PlyCount "77"]
[EventDate "2018.09.09"]
[EventType "swiss"]
[EventCountry "TUR"]
[SourceTitle "playchess.com"]
[Source "ChessBase"]
[SourceQuality "1"]
[TimeControl "5400+30"]

1. d4 Nf6 2. c4 e6 3. Nf3 b6 4. g3 Ba6 5. b3 b5 6. cxb5 Bxb5 7. Bg2 d5 8. O-O {[%emt 0:00:00] E15: Queen's Indian: 4 g3 sidelines, 4 g3 Ba6 and 4 g3 Bb7 early deviations} Bd6 (8... Be7 9. Nc3 Ba6 10. b4 O-O 11. Rb1 Nbd7 12. Bf4 Nh5 13. Bd2 Nhf6 14. Re1 c6 15. Bf4 Nh5 {1-0 (81) Bruzon Batista,L (2668)-Ortiz Suarez,I (2623) Merida 2014}) 9. Ba3 Bxa3 10. Nxa3 Ba6 11. Nc2 $146 ({Predecessor:} 11. b4 Qd6 12. Rb1 Nbd7 13. Qc2 O-O 14. Rfc1 Rfc8 15. Bf1 Qb6 16. Qa4 c6 17. Rc2 Bb5 18. Qb3 Ne4 19. Rbc1 Nd6 20. e3 Bxf1 21. Kxf1 {½-½ (21) Lalic,B (2531)-Medvegy,Z (2444) Oberwart 2001}) 11... Qd6 12. Re1 Nbd7 13. Nd2 Bb7 14. b4 O-O 15. Nb3 Rab8 16. Qd2 Ne4 17. Qe3 f5 18. Nc5 a5 (18... f4 $11 19. gxf4 Ndxc5 20. bxc5 Qxf4) 19. f3 Nexc5 20. dxc5 Qe7 21. Nd4 e5 22. f4 c6 {[%emt 0:02:00] [#]} 23. b5 $1 Qxc5 24. fxe5 (24. bxc6 $16 Bxc6 25. fxe5) 24... cxb5 25. Rac1 $11 Qb6 26. e6 Rbe8 27. Kh1 Nf6 28. Qe5 Ng4 29. Qf4 h6 30. e3 Nf6 31. Qc7 Qxc7 32. Rxc7 Bc8 33. Nxf5 Rxe6 34. Rec1 Bd7 35. Rxd7 Nxd7 36. Bxd5 Rfe8 37. Nd4 Nf8 38. Nxe6 Nxe6 39. Rc8 1-0

[Event "3rd Mersin Open 2018"]
[Site "Mersin"]
[Date "2018.09.10"]
[Round "3.11"]
[White "Aydemir, Sermin Naz"]
[Black "Kaya, Onur"]
[Result "1/2-1/2"]
[ECO "A03"]
[WhiteElo "1522"]
[BlackElo "1689"]
[Annotator "NA"]
[PlyCount "119"]
[EventDate "2018.09.09"]
[EventType "swiss"]
[EventCountry "TUR"]
[SourceTitle "playchess.com"]
[Source "ChessBase"]
[SourceQuality "1"]
[TimeControl "5400+30"]

1. g3 Nf6 2. Bg2 d5 3. d3 c6 4. f4 g6 5. Nf3 Bg7 6. O-O O-O 7. Nbd2 Ng4 8. Nb3 Qb6+ 9. d4 a5 10. a4 Nd7 11. h3 Ngf6 12. g4 Ne4 13. Kh2 Qc7 14. Nfd2 Nxd2 15. Qxd2 Nf6 16. Qe1 h5 17. g5 Ne8 18. Qg3 Bf5 19. c3 Nd6 20. Nd2 b5 21. axb5 Nxb5 22. e4 dxe4 23. Nxe4 Nd6 24. Nc5 e6 25. b3 Nb7 26. Ba3 Rfb8 27. Ne4 Bf8 28. Nf6+ Kg7 29. Bxf8+ Kxf8 30. Qe3 Nd8 31. c4 Rb4 32. d5 cxd5 33. cxd5 Rab8 34. Rac1 Qd6 35. Qc5 Qxc5 36. Rxc5 exd5 37. Bxd5 Ne6 38. Rc4 Rxc4 39. Bxc4 Nc5 40. Re1 Kg7 41. Ne8+ Kf8 42. Nf6 Kg7 43. Ne8+ Kf8 44. Nf6 Rd8 45. Re2 Ne6 46. Kg3 h4+ 47. Kxh4 Nxf4 48. Ra2 Ne6 49. Rxa5 Rd4+ 50. Ng4 Rf4 51. Kg3 Rd4 52. Rd5 Rxd5 53. Bxd5 Nxg5 54. Nh6 Be6 55. Bxe6 Nxe6 56. Kg4 Nd4 57. Kg5 Kg7 58. Ng4 Nxb3 59. h4 Nc5 60. Ne3 1/2-1/2

[Event "3rd Mersin Open 2018"]
[Site "Mersin"]
[Date "2018.09.10"]
[Round "3.12"]
[White "Polat, Ahmet Eren"]
[Black "Mut, Emir"]
[Result "1/2-1/2"]
[ECO "B10"]
[WhiteElo "1669"]
[BlackElo "1487"]
[Annotator "NA"]
[PlyCount "92"]
[EventDate "2018.09.09"]
[EventType "swiss"]
[EventCountry "TUR"]
[SourceTitle "playchess.com"]
[Source "ChessBase"]
[SourceQuality "1"]
[TimeControl "5400+30"]

1. e4 c6 2. Nf3 d5 3. exd5 cxd5 4. Ne5 Nf6 5. d4 h6 6. Bd3 e6 7. c3 Bd6 8. f4 b6 9. Nd2 Bb7 10. Qf3 Nbd7 11. O-O Qe7 12. a4 a6 13. Qe2 g6 14. Rf3 Rg8 15. Re3 Bxe5 16. fxe5 Nh5 17. Rf3 Ng7 18. Nf1 h5 19. Re3 Qh4 20. Rg3 Qd8 21. Bh6 Qc7 22. Bg5 Nb8 23. Bf6 Nc6 24. Ne3 Ne7 25. Rf1 a5 26. Bb5+ Bc6 27. Bxg7 Rxg7 28. Rf6 Ng8 29. Rf2 O-O-O 30. Rf1 Kb7 31. Rgf3 Nh6 32. Rc1 Rc8 33. Rf2 Bxb5 34. Qxb5 Qc6 35. Qb3 Nf5 36. Nxf5 gxf5 37. Qd1 Rg5 38. Qd2 Rcg8 39. b3 R8g6 40. Rc2 Rg4 41. Qd3 h4 42. Kf1 Re4 43. Rce2 Rgg4 44. Ke1 Ka7 45. Kd2 Kb7 46. Kd1 Ka7 1/2-1/2

[Event "3rd Mersin Open 2018"]
[Site "Mersin"]
[Date "2018.09.10"]
[Round "3.13"]
[White "Aladag, Begum"]
[Black "Menken, Ekin"]
[Result "1-0"]
[ECO "B26"]
[WhiteElo "1481"]
[BlackElo "1706"]
[Annotator "NA"]
[PlyCount "111"]
[EventDate "2018.09.09"]
[EventType "swiss"]
[EventCountry "TUR"]
[SourceTitle "playchess.com"]
[Source "ChessBase"]
[SourceQuality "1"]
[TimeControl "5400+30"]

1. e4 c5 2. Nc3 d6 3. g3 Nc6 4. Bg2 g6 5. d3 Bg7 6. Be3 e6 7. Qd2 Rb8 8. Nge2 Nd4 9. Nd1 b5 10. c3 Nc6 11. O-O Nge7 12. Bh6 O-O 13. h4 b4 14. h5 bxc3 15. bxc3 Ba6 16. Bxg7 Kxg7 17. Nf4 Qd7 18. h6+ Kh8 19. Ne3 Ng8 20. Nc4 Ne5 21. Nb2 Nxh6 22. Rfb1 Ng8 23. d4 cxd4 24. cxd4 Nc4 25. Nxc4 Bxc4 26. Rb4 Rfc8 27. Rab1 Rxb4 28. Rxb4 Ne7 29. Qb2 Ba6 30. Bh3 d5 31. exd5 Nxd5 32. Nxd5 Qxd5 33. Bg2 Qd6 34. a3 Kg7 35. a4 Rc4 36. d5+ e5 37. Rb8 Rd4 38. Re8 Rd1+ 39. Kh2 Re1 40. Qc3 Re2 41. Qf3 Qd7 42. Ra8 Qc7 43. d6 Qxd6 44. Rxa7 Bc4 45. Bf1 Qc5 46. Bxe2 Qxa7 47. Bxc4 Qd4 48. Qxf7+ Kh6 49. a5 Qd2 50. a6 Qd1 51. Qf8+ Kg5 52. Qe7+ Kh6 53. a7 Qf3 54. Qf7 Qe4 55. Bd5 Qa4 56. a8=Q 1-0

[Event "3rd Mersin Open 2018"]
[Site "Mersin"]
[Date "2018.09.10"]
[Round "3.14"]
[White "Ozcan, Berk"]
[Black "Guvel, Kazim"]
[Result "1-0"]
[ECO "B60"]
[WhiteElo "1617"]
[BlackElo "1504"]
[Annotator "NA"]
[PlyCount "71"]
[EventDate "2018.09.09"]
[EventType "swiss"]
[EventCountry "TUR"]
[SourceTitle "playchess.com"]
[Source "ChessBase"]
[SourceQuality "1"]
[TimeControl "5400+30"]

1. e4 c5 2. Nf3 d6 3. d4 cxd4 4. Nxd4 Nf6 5. Nc3 Nc6 6. Bg5 g6 7. Bxf6 exf6 8. Qd2 Nxd4 9. Qxd4 Bh6 10. Bb5+ Kf8 11. O-O Kg7 12. f4 a6 13. Bc4 Be6 14. Rad1 Bxc4 15. Qxc4 Qb6+ 16. Qd4 Qxb2 17. Rb1 Qxc2 18. Rf2 Qxb1+ 19. Nxb1 Rhe8 20. Nc3 Rac8 21. Nd5 Re6 22. Qd3 Rc1+ 23. Rf1 Rc5 24. g3 b5 25. Kf2 Rc4 26. Kf3 g5 27. h3 Kg8 28. Rf2 Ra4 29. Nb6 d5 30. Qxd5 Ra3+ 31. Kg2 Bf8 32. Nd7 gxf4 33. gxf4 Rd6 34. Qf5 Rdd3 35. Nxf6+ Kg7 36. Qg5+ 1-0

[Event "3rd Mersin Open 2018"]
[Site "Mersin"]
[Date "2018.09.12"]
[Round "6.7"]
[White "Acar, Utku Cengiz"]
[Black "Gasimov, Parviz"]
[Result "1/2-1/2"]
[ECO "C06"]
[WhiteElo "2122"]
[BlackElo "2341"]
[Annotator "NA"]
[PlyCount "54"]
[EventDate "2018.09.09"]
[EventType "swiss"]
[EventCountry "TUR"]
[SourceTitle "playchess.com"]
[Source "ChessBase"]
[SourceQuality "1"]
[TimeControl "5400+30"]

1. e4 e6 2. d4 d5 3. Nd2 Nf6 4. e5 Nfd7 5. Bd3 c5 6. c3 Nc6 7. Ne2 cxd4 8. cxd4 f6 9. exf6 Qxf6 10. Nf3 h6 11. O-O Bd6 12. Ng3 O-O 13. Bc2 Rf7 14. Nh5 Qd8 15. Re1 Nf8 16. Ne5 Nxe5 17. dxe5 Bc5 18. Be3 d4 19. Bf4 Bd7 20. Qg4 Kh8 21. Bd3 Bc6 22. Rac1 Bb6 23. Bd2 Qd7 24. Bb4 Bb5 25. Nf4 Bxd3 26. Nxd3 Qb5 27. Qe4 Rd8 1/2-1/2

[Event "3rd Mersin Open 2018"]
[Site "Mersin"]
[Date "2018.09.12"]
[Round "6.8"]
[White "Yasin, Hur"]
[Black "Buyukasik, Diyap"]
[Result "0-1"]
[ECO "B90"]
[WhiteElo "2044"]
[BlackElo "2305"]
[Annotator "NA"]
[PlyCount "92"]
[EventDate "2018.09.09"]
[EventType "swiss"]
[EventCountry "TUR"]
[SourceTitle "playchess.com"]
[Source "ChessBase"]
[SourceQuality "1"]
[TimeControl "5400+30"]

1. e4 c5 2. Nf3 d6 3. d4 cxd4 4. Nxd4 Nf6 5. Nc3 a6 6. Be3 e5 7. Nf3 Be7 8. a4 O-O 9. a5 Nbd7 10. Be2 Qc7 11. Nd2 Nc5 12. Nc4 Be6 13. Nb6 Rae8 14. f3 Ncd7 15. Ncd5 Bxd5 16. exd5 Nh5 17. g3 f5 18. Nxd7 Qxd7 19. f4 Nf6 20. O-O exf4 21. Bxf4 Ne4 22. c3 Bf6 23. Qd3 Re7 24. Bf3 g5 25. Be3 Qe8 26. Bb6 g4 27. Bg2 Bg5 28. Rae1 Qg6 29. Re2 Rfe8 30. Rfe1 h5 31. b4 h4 32. c4 h3 33. Bh1 Bd2 34. Bxe4 Bxe1 35. Bxf5 Qf7 36. Be6 Rxe6 37. dxe6 Rxe6 38. b5 Bb4 39. bxa6 bxa6 40. Rxe6 Qxe6 41. Qd5 Qxd5 42. cxd5 Kf7 43. Bd8 Kg6 44. Kf2 Kf5 45. Ke3 Ke5 46. Bb6 Bc5+ 0-1

[Event "3rd Mersin Open 2018"]
[Site "Mersin"]
[Date "2018.09.12"]
[Round "6.9"]
[White "Olcum, Ahmet"]
[Black "Kizilkus, Akin"]
[Result "0-1"]
[ECO "A45"]
[WhiteElo "2302"]
[BlackElo "1980"]
[Annotator "NA"]
[PlyCount "110"]
[EventDate "2018.09.09"]
[EventType "swiss"]
[EventCountry "TUR"]
[SourceTitle "playchess.com"]
[Source "ChessBase"]
[SourceQuality "1"]
[TimeControl "5400+30"]

1. d4 Nf6 2. Bf4 d6 3. Nc3 Nbd7 4. Nf3 c5 5. d5 g6 6. e4 Bg7 7. a4 O-O 8. Be2 a6 9. O-O Rb8 10. Re1 Ne8 11. Rb1 Nc7 12. Qd2 Re8 13. b4 cxb4 14. Rxb4 Nc5 15. Bc4 Bg4 16. Nd4 e5 17. dxe6 N7xe6 18. Nxe6 Bxe6 19. Nd5 Kh8 20. Bg5 f6 21. Bh4 Rc8 22. h3 Bxd5 23. Bxd5 Qd7 24. Reb1 Rc7 25. Bg3 Rd8 26. a5 Qe7 27. Rb6 Rdd7 28. Qb4 Qd8 29. Rd1 Bf8 30. Qd4 Qe7 31. f3 Bg7 32. Qb4 Rd8 33. Bf2 Rdd7 34. Rb1 f5 35. exf5 gxf5 36. Re1 Qf8 37. Qf4 Rc8 38. Kh1 Bc3 39. Rbb1 Qf6 40. Bh4 Qg6 41. Re3 Rg7 42. g3 Bd2 43. Rbe1 Bxe1 44. Rxe1 Re8 45. Qd2 Rxe1+ 46. Qxe1 h6 47. Qc3 Kh7 48. Qe3 f4 49. Qxf4 Qxc2 50. g4 Qd1+ 51. Kg2 Qxd5 52. Bf6 Rf7 53. h4 Ne6 54. Qa4 Rxf6 55. Qd7+ Ng7 0-1

[Event "3rd Mersin Open 2018"]
[Site "Mersin"]
[Date "2018.09.12"]
[Round "6.10"]
[White "Kazimova, Narmin"]
[Black "Gokcek, Kursat Bugra"]
[Result "1/2-1/2"]
[ECO "E63"]
[WhiteElo "2264"]
[BlackElo "2092"]
[Annotator "ChessBase"]
[PlyCount "153"]
[EventDate "2018.09.09"]
[EventType "swiss"]
[EventCountry "TUR"]
[SourceTitle "playchess.com"]
[Source "ChessBase"]
[SourceQuality "1"]
[TimeControl "5400+30"]

1. Nf3 Nf6 2. c4 g6 3. d4 Bg7 4. Nc3 O-O 5. g3 d6 6. Bg2 Nc6 7. O-O a6 8. e4 e5 9. d5 Ne7 10. Ne1 Nd7 11. Nd3 b6 12. Be3 f5 13. f3 h6 14. b4 f4 15. Bf2 g5 16. c5 Nf6 17. Rc1 Bd7 18. Qb3 Ng6 19. cxd6 cxd6 20. b5 a5 21. Nb2 Ne7 22. Nca4 Rb8 23. Rc2 Ne8 24. Rfc1 Rf7 25. Qd3 h5 26. gxf4 Rxf4 27. Be3 Ng6 28. Bxf4 exf4 29. Nc3 Ne5 30. Qf1 Qf6 31. Nc4 Nxc4 32. Qxc4 Qd4+ 33. Qxd4 Bxd4+ 34. Kh1 Be3 35. Re1 Rc8 36. Ree2 Bd4 37. Nd1 Rxc2 38. Rxc2 Bxb5 39. Nb2 Nf6 40. Nc4 Bxc4 41. Rxc4 Bc5 42. Rc2 Nd7 43. Bf1 Kg7 44. Kg2 Ne5 45. h3 Kg6 46. Be2 Kf6 47. Rc3 Nf7 48. Bb5 Ke7 49. Kf1 Ne5 50. Ke2 Kf7 51. Kd1 g4 52. hxg4 hxg4 53. fxg4 f3 54. Ba6 Kf6 55. Kc2 Kg5 56. Kb3 Kxg4 57. Ka4 Kf4 58. Kb5 Kxe4 59. Rc1 Kxd5 60. Bb7+ Kd4 61. a4 Ke3 62. Rc3+ Ke2 63. Rc2+ Kd3 64. Rc1 Kd2 65. Rb1 Ke3 66. Rb3+ Kf4 67. Ka6 Kg3 68. Bd5 Kf2 69. Rxb6 Bxb6 70. Kxb6 Ke3 71. Kxa5 Kd4 72. Bxf3 Nxf3 73. Kb5 Ng5 74. a5 Ne6 75. a6 Nc7+ 76. Kc6 Nxa6 77. Kxd6 1/2-1/2